 Dungeon Crawl Stone Soup version 0.25.0-1-g7eea58d2a3 (webtiles) character file.

Game seed: 4678618664816888474

36 Jakers the Stinger (level 3, -4/24 HPs)
             Began as a Formicid Venom Mage on June 14, 2020.
             Slain by Sigmund
             ... wielding a +0 scythe
              (12 damage)
             ... on level 2 of the Dungeon.
             The game lasted 00:05:25 (1431 turns).

Jakers the Stinger (Formicid Venom Mage)            Turns: 1431, Time: 00:05:26

Health: -4/24      AC:  2    Str: 12    XL:     3   Next: 57%
Magic:  3/6        EV: 12    Int: 15    God:
Gold:   74         SH:  0    Dex: 11    Spells: 0/6 levels left

rFire    + . .     SeeInvis +   f - +0 short sword
rCold    + . .     Gourm    .   (no shield)
rNeg     . . .     Faith    .   a - +0 robe
rPois    +         Spirit   .   (helmet unavailable)
rElec    +         Reflect  .   (no cloak)
rCorr    +         Harm     .   (no gloves)
MR       .....                  (no boots)
Stlth    +.........             (no amulet)
HPRegen  0.08/turn              (no ring)
MPRegen  0.10/turn              (no ring)

@: confused, resistant
A: permanent stasis, dig shafts and tunnels, four strong arms, antennae 3
a: Dig, Shaft Self


You were on level 2 of the Dungeon.
You were not hungry.

You visited 1 branch of the dungeon, and saw 2 of its levels.

You collected 74 gold pieces.

Inventory:

Hand Weapons
 f - a +0 short sword (weapon)
Armour
 a - a +0 robe (worn)
Jewellery
 h - a cursed +6 ring of dexterity {unknown}
Scrolls
 b - 2 scrolls of enchant armour {unknown}
 i - 2 scrolls of remove curse {unknown}
 j - a scroll of teleportation {unknown}
 k - a scroll of amnesia {unknown}
Comestibles
 c - 4 rations
 d - a chunk of flesh


   Skills:
 - Level 1.7 Dodging
 - Level 2.4 Stealth
 - Level 2.1 Spellcasting
 - Level 1.1 Transmutations
 + Level 5.8 Poison Magic


You couldn't memorise any spells.
You knew the following spells:

 Your Spells              Type           Power        Failure   Level  Hunger
a - Sting                 Tmut/Pois      ##..         5%          1    #......
b - Poisonous Vapours     Pois/Air       ##....       10%         2    ###....
c - Ignite Poison         Fire/Tmut/Pois #.......     26%         3    ###....

Your spell library contained the following spells:

 Spells                   Type           Power        Failure   Level  Hunger
 Olgreb's Toxic Radiance  Pois           ###.....     21%         4    #####..
 Mephitic Cloud           Conj/Pois/Air  #.......     30%         3    ###....


Dungeon Overview and Level Annotations

Branches:
Dungeon (2/15)

Altars:

Annotations:
D:2 Ijyb, Sigmund


Innate Abilities, Weirdness & Mutations

You cannot be hasted, slowed, berserked, paralysed or teleported.
You can dig through walls and to a lower floor.
Your four strong arms can wield two-handed weapons with a shield.
You have a pair of large antennae on your head. (SInv)


Message History

You barely miss Ijyb.
Ijyb is heavily wounded.
Ijyb hits you with a +0 club.
* * * LOW HITPOINT WARNING * * *
Sigmund closely misses you.
You bump into the rock wall.
Ijyb zaps a wand.
You resist with some effort.
You're too confused to move!
Ijyb screams, "You nasty!
Big nasty!"
Ijyb barely misses you. Sigmund barely misses you.
You bump into the rock wall.
Ijyb closely misses you. Sigmund closely misses you.
You hit Ijyb.
Ijyb is heavily wounded.
Ijyb zaps a wand.
Your will is overpowered!
You are more confused.
You hit Ijyb but do no damage.
Ijyb is heavily wounded.
Sigmund hits you with a +0 scythe!
Ouch! That really hurt!
You die...

#..#......#
#.........#
##.#.######
...#.# ### #.#
#.# #.##
..##########..##
.....g@@gg))..%#
##############..#
8..# ....# .({..#
$.....# {..../{#
.g......#


You could see Sigmund, Ijyb and 2 goblins.

Vanquished Creatures
  2 dart slugs (D:1)
  A leopard gecko (D:1)
  3 bats (D:1)
  7 goblins
  5 hobgoblins
  A quokka (D:2)
  2 frilled lizards
  5 kobolds (D:1)
  2 rats (D:1)
28 creatures vanquished.

Notes
Turn   | Place    | Note
-------+----------+-------------------------------------------
     0 | D:1      | Jakers the Formicid Venom Mage began the quest for the Orb.
     0 | D:1      | Reached XP level 1. HP: 13/13 MP: 3/3
   380 | D:1      | Reached XP level 2. HP: 19/19 MP: 3/5
   386 | D:1      | Learned a level 2 spell: Poisonous Vapours
   622 | D:1      | Reached skill level 5 in Poison Magic
   893 | D:1      | Reached XP level 3. HP: 24/24 MP: 0/6
  1215 | D:1      | Learned a level 3 spell: Ignite Poison
  1391 | D:2      | Noticed Ijyb
  1398 | D:2      | Noticed Sigmund
  1431 | D:2      | Slain by Sigmund

Illustrated notes

Levels and vault maps discovered:
D:1:      dpeg_arrival_simpleton_c, layout_loops_cross
D:2:      kennysheep_the_goblin_king, layout_basic,
          gammafunk_temple_overflow_forgotten, uniq_jessica, uniq_sigmund

Skill      XL: |  1  2 |
---------------+-------+-----
Poison Magic   | 5 |  5.8
Dodging        | |  1.7
Stealth        | |  2.4
Spellcasting   | |  2.1
Transmutations | |  1.1

Action                   || total
-------------------------++-------
Melee: Unarmed           ||     6
       Short sword       ||    22
 Cast: Sting             ||    18
       Poisonous Vapours ||    18
  Use: Potion            ||     2
  Eat: Chunk             ||     3
Armor: Robe              ||     6
Dodge: Dodged            ||    33
